 Dungeon Crawl Stone Soup version 0.30-a0-778-g2ef04afb54 (webtiles) character file.

Game seed: 10138080255723096109

275 Ceno the Shooter (level 6, -2/43 HPs)
             Began as a Barachi Hexslinger on Feb 17, 2023.
             Slain by Duvessa
             ... wielding a +0 short sword of venom
              (7 damage)
             ... on level 4 of the Dungeon.
             The game lasted 00:09:27 (2741 turns).

Ceno the Shooter (Barachi Hexslinger)               Turns: 2741, Time: 00:09:27

Health: -2/43      AC:  5    Str: 11 (12) XL:     6   Next: 25%
Magic:  7/7        EV: 11    Int: 18 (19) God:
Gold:   112        SH:  0    Dex: 12 (14) Spells: 0/7 levels left

rFire   . . .      SeeInvis .    a - +1 sling
rCold   . . .      Faith    .    (no shield)
rNeg    . . .      Spirit   .    r - +1 leather armour of the Arena {rPois}
rPois   +          Reflect  .    s - +0 helmet
rElec   .          Harm     .    (no cloak)
rCorr   .          Rampage  .    (no gloves)
Will    .....                    (no boots)
Stlth   +                        (no amulet)
HPRegen 0.27/turn                o - +6 ring of intelligence
MPRegen 0.10/turn                (no ring)

@: mighty, slow
A: amphibious, slowness 1, strong legs 1, +LOS
a: Hop


You were on level 4 of the Dungeon.
You visited 1 branch of the dungeon, and saw 4 of its levels.

You collected 112 gold pieces.

Inventory:

Hand Weapons
 a - a +1 sling (weapon)
 b - a +0 demon whip of electrocution
Missiles
 n - a throwing net
 y - 4 atropa-tipped darts
Armour
 r - the +1 leather armour of the Arena (worn) {rPois}
   (You found it on level 2 of the Dungeon)

   rPois:     It protects you from poison.
 s - a +0 helmet (worn)
Jewellery
 m - an amulet of faith
 o - a +6 ring of intelligence (left hand)
Wands
 c - a wand of light (3)
Scrolls
 e - a scroll of amnesia {unknown}
 k - a scroll of blinking {unknown}
 l - a scroll of immolation {unknown}
 q - a scroll of acquirement {unknown}
 w - a scroll of enchant armour {unknown}
 x - a scroll of vulnerability {unknown}
Potions
 d - 3 potions of curing
 f - a potion of attraction {unknown}
 g - 4 potions of might
 h - 2 potions of degeneration
 i - a potion of brilliance {unknown}
 j - a potion of heal wounds {unknown}
 p - 2 potions of flight {unknown}
 t - a potion of haste {unknown}
 v - a potion of magic {unknown}


   Skills:
 - Level 1.2 Fighting
 + Level 6.4 Ranged Weapons
 - Level 2.1 Dodging
 - Level 1.1 Spellcasting
 - Level 3.2 Hexes


You couldn't memorise any spells.
You knew the following spells:

 Your Spells              Type           Power      Damage    Failure   Level
a - Slow                  Hex            48%        N/A       7%          1
b - Inner Flame           Hex/Fire       6%         N/A       36%         3
c - Portal Projectile     Hex/Tloc       12%        N/A       36%         3

Your spell library contained the following spells:

 Spells                   Type           Power      Damage    Failure   Level
 Freeze                   Ice            0%         1d3       26%         1
 Necrotise                Necr           0%         1d4       26%         1
 Dazzling Flash           Conj/Hex       12%        N/A       36%         3
 Cause Fear               Hex            6%         N/A       56%         4
 Frozen Ramparts          Ice            0%         1d1       61%         3
 Hailstorm                Conj/Ice       0%         3d3       61%         3
 Vampiric Draining        Necr           0%         2d6       61%         3
 Iskenderun's Mystic Bla  Conj/Tloc      0%         2d3       95%         4
 Agony                    Necr           0%         N/A       100%        5
 Starburst                Conj/Fire      0%         6d3       100%        6


Dungeon Overview and Level Annotations

Branches:
Dungeon (4/15)
 Temple: D:4-7

Altars:
Qazlal

Shops:
D:1 *!

Annotations:
D:4 Duvessa


Innate Abilities, Weirdness & Mutations

You are amphibious.
You cover ground slowly.
You can hop short distances.
You have an extended range of vision and can be seen from far away.


Message History

The sling bullet hits Duvessa but does no damage.
Duvessa is moderately wounded.
Fire: a) +1 sling
Press: ? - help, Q - select action, (/) - cycle Shift-Dir - straight line, f/p - Duvessa
Aim: Duvessa, wielding a +0 short sword of venom and wearing a +0 ring mail (moderately wounded, fast, 68% to hit)
You shoot a sling bullet. The sling bullet hits Duvessa!
Duvessa is severely wounded.
Duvessa is no longer moving quickly.
Duvessa attacks as you move away!
Duvessa hits you with a +0 short sword of venom.
You kill Dowan!
Duvessa weeps, and shakes her weapon.
Duvessa goes berserk!
You hear a splash. x3
Fire: a) +1 sling
Press: ? - help, Q - select action, (/) - cycle Shift-Dir - straight line, f/p - Duvessa
Aim: Duvessa, wielding a +0 short sword of venom and wearing a +0 ring mail (severely wounded, berserk, 68% to hit)
You shoot a sling bullet.
The sling bullet closely misses Duvessa.
Duvessa hits you with a +0 short sword of venom!
Duvessa barely misses you.
Fire: a) +1 sling
Press: ? - help, Q - select action, (/) - cycle Shift-Dir - straight line, f/p - Duvessa
Aim: Duvessa, wielding a +0 short sword of venom and wearing a +0 ring mail (severely wounded, berserk, 68% to hit)
You shoot a sling bullet.
The sling bullet closely misses Duvessa.
Duvessa hits you with a +0 short sword of venom!
It was a potion of degeneration.
There was something very wrong with that liquid.
You feel weakened.
You feel dopey.
You feel clumsy. Duvessa barely misses you. Duvessa closely misses you.
You feel very mighty all of a sudden.
Duvessa hits you with a +0 short sword of venom!
* * * LOW HITPOINT WARNING * * *
Okay, then.
You shoot a sling bullet.
The sling bullet hits Duvessa but does no damage.
Duvessa is heavily wounded.
Duvessa hits you with a +0 short sword of venom!
You die...

#........P~♣♣P♣~~P##########
#.###...P~~♣♣♣♣P~..........#
#.#.. ..P~~♣ ♣~~.########.#
#.#.# ..P~♣♣♣ ♣~..# #.#
#.#.##...~~P♣♣♣)~P# #.#
#...)....P~~~~..~## ####.###
###.####..~P.P.### #......# #.#
###P###e# #.##.#.# #.# # #@#
#.##.#.# #.####### ##+##
#.##.#.# #)......###...##
#....#.# ####.....#.##.....##
#.####.# #...†.##.#.#.......##
#..###.#
##..#...#.#..........####...##.#
.....................'.........#
......[..............####...####
.P~~##.##.###.......## #..##


You could see Duvessa (berserk).

Vanquished Creatures
  2 scorpions (D:3)
  Dowan (D:4)
  Robin (D:2)
  2 adders
  A worm (D:2)
  A dart slug (D:2)
  2 orcs
  A bat (D:1)
  4 endoplasms
  5 giant cockroaches
  11 goblins
  6 hobgoblins
  6 jackals
  2 quokkas
  5 ball pythons
  A frilled lizard (D:2)
  5 kobolds
  5 rats
61 creatures vanquished.

Vanquished Creatures (others)
  13 plants (D:4)
13 creatures vanquished.

Grand Total: 74 creatures vanquished

Notes
Turn   | Place    | Note
-------+----------+-------------------------------------------
     0 | D:1      | Ceno the Barachi Hexslinger began the quest for the Orb.
     0 | D:1      | Reached XP level 1. HP: 15/15 MP: 2/2
    19 | D:1      | Found Zoirue's Distillery.
    73 | D:1      | Found Miamaptyl's Assorted Antiques.
   343 | D:1      | Reached XP level 2. HP: 20/21 MP: 3/3
   634 | D:1      | Reached skill level 3 in Ranged Weapons
  1177 | D:2      | Reached XP level 3. HP: 26/26 MP: 4/4
  1545 | D:2      | Identified the +1 leather armour of the Arena {rPois}
  1590 | D:2      | Noticed Robin
  1591 | D:2      | Reached skill level 4 in Ranged Weapons
  1610 | D:2      | Killed Robin
  1611 | D:2      | Reached XP level 4. HP: 19/32 MP: 2/5
  1798 | D:3      | Found a stormy altar of Qazlal.
  2063 | D:3      | Noticed a scorpion
  2096 | D:3      | Killed a scorpion
  2097 | D:3      | Reached skill level 5 in Ranged Weapons
  2097 | D:3      | Reached XP level 5. HP: 16/37 MP: 6/6
  2462 | D:3      | Reached skill level 6 in Ranged Weapons
  2551 | D:4      | Reached XP level 6. HP: 43/43 MP: 5/7
  2567 | D:4      | Learned a level 3 spell: Inner Flame
  2571 | D:4      | Learned a level 3 spell: Portal Projectile
  2705 | D:4      | Noticed Duvessa
  2705 | D:4      | Noticed Dowan
  2736 | D:4      | Killed Dowan
  2741 | D:4      | Slain by Duvessa

Illustrated notes

Levels and vault maps discovered:
D:1:      dreamdust_arrival_beginning_and_end, layout_loops_ring, serial_shops,
          nicolae_shop_competitors_out_of_business, shop
D:2:      layout_loops_corners, uniq_robin
D:3:      layout_basic, grunt_qazlal_sundering
D:4:      layout_loops_corners, serial_bayou, serial_bayou_pond_c,
          serial_bayou_pond_a, serial_bayou_ford_a, serial_bayou_shore_a,
          uniq_duvessa, uniq_ijyb

Skill      XL: |  1  2  3  4  5 |
---------------+----------------+-----
Ranged Weapons | 3 4 5 6 |  6.4
Fighting       | |  1.2
Dodging        | |  2.1
Spellcasting   | |  1.1
Hexes          | |  3.2

Action                     |  1- 3 |  4- 6 || total
---------------------------+-------+-------++-------
   Fire: Sling             |   119 |   116 ||   235
   Cast: Slow              |     6 |     7 ||    13
         Portal Projectile |       |     1 ||     1
Ability: Hop               |     5 |     5 ||    10
  Evoke: Wand              |       |     1 ||     1
    Use: Scroll            |       |     4 ||     4
         Potion            |       |     2 ||     2
 Armour: Robe              |    18 |       ||    18
         Leather armour    |     4 |    22 ||    26
  Dodge: Dodged            |    34 |    46 ||    80

Table legend: (Time is in decaauts)
 A = Elapsed time spent in this place.
 B = Non-inter-level travel time spent in this place.
 C = Inter-level travel time spent in this place.
 D = Time resting spent in this place.
 E = Time spent auto-exploring this place.
 F = Levels seen in this place.
 G = Mean time per level.
                   A        B        C        D        E       F      G
               +--------+--------+--------+--------+--------+-----+--------+
         Total |   3185 |   3069 |    116 |    319 |   1903 |   4 |  796.2 |
       Dungeon |   3185 |   3069 |    116 |    319 |   1903 |   4 |  796.2 |
               +--------+--------+--------+--------+--------+-----+--------+

Top non-repeatable levels by time:
     D:2: 1244 daAuts
     D:3: 825 daAuts
     D:1: 796 daAuts
     D:4: 318 daAuts
